 Seeded DCSS version 0.30-a0-140-gd1020e658a (webtiles) character file.

Game seed: 5882606675326345813 (custom seed)

33058 valliere the Covert (level 13, 0/69 HPs)
             Began as a Spriggan Hunter on Sept 24, 2022.
             Was the Champion of Fedhas.
             Slain by Mlioglotl (16 damage)
             ... on level 1 of the Swamp.
             The game lasted 00:55:39 (16355 turns).

valliere the Covert (Spriggan Hunter)              Turns: 16355, Time: 00:55:40

Health: 0/69       AC:  6    Str:  7    XL:     13   Next: 34%
Magic:  18/18      EV: 42    Int: 10    God:    Fedhas [******]
Gold:   360        SH:  0    Dex: 36    Spells: 12/12 levels left

rFire   . . .      SeeInvis +    R - +7 sling of Zacliak {vorpal, rElec Will+}
rCold   . . .      Faith    .    (no shield)
rNeg    . . .      Spirit   .    P - +3 robe "Louruiss" {Dex+6}
rPois   .          Reflect  .    E - +1 hat
rElec   +          Harm     .    (no cloak)
rCorr   .          Rampage  .    (gloves unavailable)
Will    +++..                    (boots unavailable)
Stlth   +++++++...               G - amulet of regeneration
HPRegen 1.01/turn                s - +6 ring of dexterity
MPRegen 0.16/turn                O - +4 ring of evasion

@: very quick
A: very small, no large weapons, unfitting armour, see invisible, speed 3
a: Renounce Religion, Wall of Briars, Grow Ballistomycete, Overgrow, Grow Oklob


You were on level 1 of the Swamp.
You worshipped Fedhas.
Fedhas was exalted by your worship.
You visited 5 branches of the dungeon, and saw 18 of its levels.

You collected 1041 gold pieces.
You spent 681 gold pieces at shops.

Inventory:

Hand Weapons
 a - a +0 shortbow
 I - the +2 dagger "Dogyrac" {elec, rElec rC+ rN+}
   (You found it on level 9 of the Dungeon)

   It occasionally discharges a powerful burst of electricity upon striking a
   foe.
   rC:        It protects you from cold.
   rElec:     It insulates you from electricity.
   rN:        It protects you from negative energy.
 R - the +7 sling of Zacliak (weapon) {vorpal, rElec Will+}
   (You bought it in a shop on level 2 of the Dungeon)

   Any ammunition fired from it inflicts extra damage upon your enemies.
   rElec:     It insulates you from electricity.
   Will:      It increases your willpower.
Missiles
 y - a throwing net
Armour
 c - a +0 robe
 E - a +1 hat (worn)
 P - the +3 robe "Louruiss" (worn) {Dex+6}
   (You found it on level 11 of the Dungeon)

   Dex:       It affects your dexterity (+6).
 W - +0 steam dragon scales
Jewellery
 p - an amulet of guardian spirit
 s - a +6 ring of dexterity (left hand)
 G - an amulet of regeneration (around neck)
 O - a +4 ring of evasion (right hand)
 S - an amulet of the acrobat
 U - an amulet of reflection
 V - a ring of positive energy
Wands
 q - a wand of charming (20)
 t - a wand of digging (4)
 D - a wand of iceblast (12)
 Q - a wand of mindburst (29)
 T - a wand of flame (23)
Scrolls
 b - 5 scrolls of immolation
 d - 3 scrolls of identify
 f - 3 scrolls of amnesia {unknown}
 g - 13 scrolls of teleportation
 h - 7 scrolls of vulnerability
 j - 3 scrolls of enchant armour {unknown}
 k - a scroll of summoning {unknown}
 m - 2 scrolls of magic mapping {unknown}
 r - 4 scrolls of silence
 u - 3 scrolls of fog
 x - a scroll of enchant weapon {unknown}
 F - a scroll of brand weapon {unknown}
 L - 3 scrolls of fear {unknown}
 M - 3 scrolls of blinking {unknown}
 X - a scroll of torment {unknown}
Potions
 e - 6 potions of brilliance
 i - 7 potions of invisibility
 l - 4 potions of lignification {unknown}
 n - 4 potions of degeneration {unknown}
 o - 4 potions of heal wounds
 v - 3 potions of mutation {unknown}
 w - 2 potions of flight {unknown}
 z - a potion of haste
 A - 4 potions of curing {unknown}
 B - 2 potions of resistance {unknown}
 C - 5 potions of attraction {unknown}
 H - a potion of berserk rage {unknown}
 K - a potion of magic {unknown}
 N - 5 potions of ambrosia
 Y - 2 potions of might {unknown}
Miscellaneous
 J - a box of beasts


   Skills:
 + Level 8.3 Fighting
 * Level 14.2 Ranged Weapons
 + Level 12.9 Dodging
 + Level 14.9 Stealth
 + Level 5.8 Invocations
 + Level 7.7 Evocations


You had 12 spell levels left.
You didn't know any spells.
Your spell library contained the following spells:

 Spells                   Type           Power      Damage    Failure   Level
 Sting                    Tmut/Pois      0%         1d3       36%         1
 Summon Small Mammal      Summ           0%         N/A       36%         1
 Blink                    Tloc           0%         N/A       50%         2
 Poisonous Vapours        Pois/Air       0%         N/A       50%         2
 Scorch                   Fire           0%         2d5       50%         2
 Call Canine Familiar     Summ           0%         N/A       75%         3
 Gell's Gravitas          Tloc           0%         N/A       75%         3
 Lesser Beckoning         Tloc           0%         N/A       75%         3
 Summon Guardian Golem    Hex/Summ       0%         N/A       75%         3
 Teleport Other           Tloc           0%         N/A       75%         3
 Flame Wave               Conj/Fire      0%         2d4       98%         4
 Manifold Assault         Tloc           0%         N/A       98%         4
 Olgreb's Toxic Radiance  Pois           0%         N/A       98%         4
 Dispersal                Tloc           0%         N/A       100%        6
 Summon Cactus Giant      Summ           0%         N/A       100%        6
 Malign Gateway           Summ/Tloc      0%         N/A       100%        7
 Summon Horrible Things   Summ           0%         N/A       100%        8


Dungeon Overview and Level Annotations

Branches:
Dungeon (12/15)            Temple (1/1) D:5            Lair (3/5) D:10
  Swamp (1/4) Lair:3        Snake (1/4) Lair:3          Orc (0/2) D:10

Altars:
Ashenzari
Cheibriados
Dithmenos
Elyvilon
Fedhas
Gozag
Hepliaklqana
Kikubaaqudgha
Makhleb
Nemelex Xobeh
Okawaru
Qazlal
Ru
Sif Muna
Trog
Uskayaw
Vehumet
Wu Jian
Xom
Yredelemnul
Zin
The Shining One

Shops:
D:2 *   D:4 :   D:8 (

Annotations:
D:6 1 runed translucent door
D:12 exclusion: 2 skeletal warriors
Lair:2 1 runed translucent door, lunkers's ghost, journeyman MeBe
Swamp:1 Mlioglotl
Snake:1 Aizul


Innate Abilities, Weirdness & Mutations

You are very small and have problems with some larger weapons.
You are too small for most types of armour.
You have supernaturally acute eyesight. (SInv)
You cover ground extremely quickly. (Speed+++)


Message History

You shoot a sling bullet.
The sling bullet hits Mlioglotl but does no damage.
Mlioglotl is heavily wounded.
Mlioglotl misses you. Mlioglotl tramples you!!
You stumble backwards!
You shoot a sling bullet. The sling bullet hits Mlioglotl!
Mlioglotl is severely wounded.
Mlioglotl completely misses you. Mlioglotl misses you.
The goliath frog completely misses you.
You shoot a sling bullet. The sling bullet hits Mlioglotl!
Mlioglotl is severely wounded.
Mlioglotl churns violently!
Mlioglotl radiates an aura of fear!
You resist with almost no effort.
The large abomination completely misses you.
You shoot a sling bullet. The sling bullet hits Mlioglotl!
Mlioglotl is severely wounded.
The goliath frog completely misses you. Mlioglotl completely misses you.
Mlioglotl tramples you!
You stumble backwards!
Found 5 poisoned darts.
You shoot a sling bullet. The eleionoma shouts!
The sling bullet hits Mlioglotl!
Mlioglotl is almost dead.
Mlioglotl completely misses you. x2
You shoot a sling bullet.
The sling bullet hits Mlioglotl but does no damage.
Mlioglotl is almost dead.
The goliath frog completely misses you.
The large abomination completely misses you.
Mlioglotl completely misses you. Mlioglotl tramples you!!
* * * LOW HITPOINT WARNING * * *
You stumble backwards!
Found a human skeleton.
Fire: R) +7 sling of Zacliak {vorpal, rElec Will+}
Press: ? - help, Q - select action, (/) - cycle Shift-Dir - straight line, f/p - Mlioglotl
Aim: Mlioglotl (almost dead, strong, 88% to hit)
You shoot a sling bullet.
The sling bullet barely misses Mlioglotl.
The sling bullet hits the goliath frog.
The goliath frog is severely wounded.
Mlioglotl misses you. Mlioglotl tramples you!
You die...
Fedhas appreciates your contribution to the ecosystem.

..~.~~~.♣♣♣..##.....##..♣
..~~~~~...♣..# ..#...#..♣
~|.~~~.~§....# .# #..# .~
.~.†..~~.....# ..#
.~.~......~..## . .
~~.~~~~~.♣~...## ÷# ..~
.§~~~~~~.♣♣...F###.#..~.
~~~~~~~~~~.♣♣♣XX.....~..
~~~~~~.§~~.~♣♣~.@.(..~.♣
~~..~......♣♣♣♣.~.~~♣~~.
~.~(.....~♣♣ ♣~~...~~..
.~.~~~♣♣♣♣♣ ♣..♣..R...
♣♣~~.~♣ .♣♣♣♣...(~
♣♣♣♣..~. ~. ♣♣... ~§. ~.
... .~ ~.♣ .♣ .


You could see Mlioglotl (strong), an eleionoma, a large abomination (summoned)
and a goliath frog.

Vanquished Creatures
  An eleionoma (Swamp:1)
  A bunyip (Swamp:1)
  4 hydras
  A two-headed ogre (D:10)
  2 centaur warriors
  An alligator (Swamp:1)
  2 boulder beetles
  Nergalle (D:10)
  A goliath frog (Swamp:1)
  2 ugly things (D:9)
  A cyclops (D:9)
  2 manticores
  2 black mambas (Lair:3)
  A torpor snail (Lair:2)
  2 cane toads
  4 komodo dragons
  An unseen horror (D:12)
  3 kobold demonologists
  A queen bee (D:9)
  4 polar bears (Lair:2)
  2 tyrant leeches (Swamp:1)
  2 dream sheep (Lair:2)
  A shadow (D:10)
  A vampire (D:9)
  3 wyverns
  A wraith (D:9)
  29 yaks
  2 basilisks
  2 steam dragons
  2 swamp worms (Swamp:1)
  An acid dragon (D:9)
  2 nagas (Lair:3)
  8 water moccasins
  2 ice beasts
  9 orc warriors
  10 black bears
  3 sky beasts
  2 centaurs (D:9)
  30 wolves
  2 phantoms
  3 kobold brigands
  13 bullfrogs
  2 gnoll sergeants
  A necrophage (D:4)
  3 scorpions (D:4)
  12 wights
  21 killer bees
  6 howler monkeys
  An electric eel (Lair:3)
  3 jellies
  8 orc priests
  A hound (D:4)
  A gnoll bouda (D:5)
  An iguana (D:5)
  17 orc wizards
  2 adders (D:2)
  16 gnolls
  2 shadow imps
  3 white imps
  2 worms
  3 dart slugs
  49 orcs
  7 bats
  6 endoplasms
  4 giant cockroaches
  5 goblins
  2 hobgoblins (D:1)
  4 jackals (D:1)
  3 quokkas (D:1)
  4 ball pythons
  A frilled lizard (D:2)
  20 kobolds
  10 rats
387 creatures vanquished.

Vanquished Creatures (collateral kills)
  A bunyip (Swamp:1)
  9 killer bees
10 creatures vanquished.

Vanquished Creatures (others)
  17 fungi
  17 plants
34 creatures vanquished.

Grand Total: 431 creatures vanquished

Notes
Turn   | Place    | Note
-------+----------+-------------------------------------------
     0 | D:1      | valliere the Spriggan Hunter began the quest for the Orb.
     0 | D:1      | Reached XP level 1. HP: 10/10 MP: 2/2
    97 | D:1      | Reached XP level 2. HP: 13/15 MP: 3/3
   513 | D:1      | Reached XP level 3. HP: 18/18 MP: 4/4
   685 | D:2      | Found a faded altar of an unknown god.
   873 | D:2      | Found Omasmurch's General Store.
   900 | D:2      | Reached XP level 4. HP: 23/23 MP: 5/5
  1725 | D:3      | Reached skill level 5 in Ranged Weapons
  1737 | D:3      | Reached XP level 5. HP: 12/26 MP: 6/6
  2227 | D:3      | Found a bloodstained altar of Trog.
  2493 | D:3      | Found a snail-covered altar of Cheibriados.
  2660 | D:4      | Noticed a black bear
  2696 | D:4      | Killed a black bear
  2697 | D:4      | Reached XP level 6. HP: 32/32 MP: 7/7
  3396 | D:4      | Reached skill level 5 in Stealth
  3628 | D:4      | Found Edul's Tremendous Tomes.
  3785 | D:5      | Entered Level 5 of the Dungeon
  3785 | D:5      | Noticed a sky beast
  3785 | D:5      | Found a shimmering altar of Xom.
  3836 | D:4      | Reached skill level 5 in Dodging
  3836 | D:4      | Reached XP level 7. HP: 30/36 MP: 8/8
  4952 | D:6      | Identified the +4 falchion of Nughuzul {flame, Int+4}
  5085 | D:5      | Found a staircase to the Ecumenical Temple.
  5091 | Temple   | Entered the Ecumenical Temple
  5135 | Temple   | Became a worshipper of Fedhas Madash
  5297 | D:5      | Reached XP level 8. HP: 39/42 MP: 9/9
  5688 | D:5      | Identified the +1 ring mail "Piummoysm" {Str+4}
  5728 | D:5      | Found a shimmering blue altar of Sif Muna.
  5744 | D:5      | Found a radiant altar of Vehumet.
  5820 | D:5      | Found a hide-covered altar of Uskayaw.
  6051 | D:6      | Reached * piety under Fedhas
  6695 | D:6      | Found a runed translucent door.
  6698 | D:6      | Found a basalt altar of Yredelemnul.
  6859 | D:7      | Reached XP level 9. HP: 38/46 MP: 7/10
  7324 | D:7      | Found a burning altar of Makhleb.
  7630 | D:8      | Reached ** piety under Fedhas
  7631 | D:8      | Reached skill level 5 in Fighting
  8157 | D:8      | Found Tadoem Zown's Weapon Boutique.
  8272 | D:8      | Found a broken altar of Ashenzari.
  8600 | D:8      | Reached skill level 10 in Stealth
  8720 | D:9      | Reached skill level 10 in Ranged Weapons
  8726 | D:9      | Reached XP level 10. HP: 29/51 MP: 6/11
  8904 | D:9      | Noticed a centaur warrior
  8904 | D:9      | Noticed a cyclops
  8906 | D:9      | Noticed a four-headed hydra
  8907 | D:9      | Noticed a cyan ugly thing
  8907 | D:9      | Noticed a seven-headed hydra
  8907 | D:9      | Noticed a red ugly thing
  8999 | D:9      | Identified the +7 flail "Uwuapt" {elec, *Slow rF+ SInv}
  9370 | D:9      | Killed a four-headed hydra
  9534 | D:9      | Identified the +2 dagger "Dogyrac" {elec, rElec rC+ rN+}
  9631 | D:9      | Killed a seven-headed hydra
  9634 | D:9      | Reached *** piety under Fedhas
  9638 | D:9      | Killed a cyclops
  9639 | D:9      | Reached skill level 10 in Dodging
  9867 | D:9      | Reached XP level 11. HP: 52/58 MP: 12/12
  9936 | D:9      | Found a stormy altar of Qazlal.
  9982 | D:9      | Killed a centaur warrior
  9983 | D:9      | Reached skill level 1 in Evocations
 10217 | D:9      | Reached skill level 1 in Invocations
 10374 | D:10     | Entered Level 10 of the Dungeon
 10616 | D:9      | Killed a red ugly thing
 10685 | D:9      | Killed a cyan ugly thing
 10801 | D:10     | Reached **** piety under Fedhas
 10966 | D:10     | Noticed Nergalle
 11089 | D:10     | Killed Nergalle
 11228 | D:10     | Noticed a two-headed ogre
 11273 | D:10     | Killed a two-headed ogre
 11554 | D:10     | Reached ***** piety under Fedhas
 11717 | D:10     | Found a staircase to the Lair.
 11985 | D:10     | Found a staircase to the Orcish Mines.
 12089 | D:10     | Reached XP level 12. HP: 63/63 MP: 15/15
 12127 | D:11     | Identified the +6 quarterstaff of Oteut {vorpal, Int+5}
 12200 | D:11     | Noticed a centaur warrior
 12214 | D:11     | Killed a centaur warrior
 12264 | D:11     | Identified the +3 robe "Louruiss" {Dex+6}
 12318 | D:11     | Reached skill level 5 in Evocations
 12696 | D:11     | Noticed a boulder beetle
 12871 | D:11     | Killed a boulder beetle
 13489 | D:2      | Bought the +7 sling of Zacliak {vorpal, rElec Will+} for
                  | 681 gold pieces
 13615 | Lair:1   | Entered Level 1 of the Lair of Beasts
 13681 | Lair:1   | Identified the +8 whip of War {pain, rPois rN+ rCorr Str+5}
 14463 | Lair:2   | Noticed an eight-headed hydra
 14476 | Lair:2   | Killed an eight-headed hydra
 14491 | Lair:2   | Reached skill level 5 in Invocations
 14823 | Lair:2   | Reached ****** piety under Fedhas
 14936 | Lair:2   | Found a runed translucent door.
 14937 | Lair:2   | Noticed lunkers's ghost (journeyman MeBe)
 15027 | Lair:3   | Noticed a boulder beetle
 15027 | Lair:3   | Found an ornate altar of the Wu Jian Council.
 15027 | Lair:3   | Found a hide-covered altar of Uskayaw.
 15048 | Lair:3   | Killed a boulder beetle
 15068 | Lair:3   | Reached XP level 13. HP: 65/68 MP: 17/17
 15204 | Lair:3   | Found a staircase to the Snake Pit.
 15397 | Lair:3   | Found a staircase to the Swamp.
 15774 | Snake:1  | Entered Level 1 of the Snake Pit
 15774 | Snake:1  | Noticed Aizul
 15804 | Swamp:1  | Entered Level 1 of the Swamp
 15818 | Swamp:1  | Noticed an eleionoma
 16093 | Swamp:1  | Noticed a bunyip
 16120 | Swamp:1  | Noticed a bunyip
 16128 | Swamp:1  | Killed a bunyip
 16132 | Swamp:1  | Killed a bunyip
 16174 | Swamp:1  | Noticed an eleionoma
 16248 | Swamp:1  | Noticed a tentacled monstrosity
 16283 | Swamp:1  | Killed an eleionoma
 16320 | Swamp:1  | Noticed Mlioglotl
 16327 | Swamp:1  | Noticed a starcursed mass
 16355 | Swamp:1  | Slain by Mlioglotl

Illustrated notes

Levels and vault maps discovered:
D:1:      evilmike_arrival_fibonacci_small, layout_basic,
          minmay_misc_feat_rugged
D:2:      layout_basic, shapermc_ecumenical_altar_acropolis, serial_shops, shop,
          corexii_item_surrounded_by_moat, minmay_quadrilaterals
D:3:      layout_basic, trog_three_pillars_becter, cheibrodos_worm_habitat,
          minmay_misc_feat_four_crosses, minmay_curled_crystal,
          uniq_crazy_yiuf_cottage
D:4:      layout_basic, kennysheep_flooded_box, nicolae_shop_i_like_big_books
D:5:      layout_rooms, nicolae_uskayaw_murder_on_the_dancefloor,
          xom_confusion_cloud, mainiacjoe_overflow_catch_the_wave,
          minmay_temple_entry_purple_smoke
D:6:      layout_rooms, dk_yredelemnul_ordeal,
          nicolae_concentric_dashed_squares_wild
D:7:      layout_basic, old_standard_altar
D:8:      layout_basic, nicolae_ashenzari_skybound, serial_shops, shop
D:9:      minmay_the_grid_triangle_9x9_recursive_2_mashed
          [minmay_the_grid_triangle_9x9_prize_top_heavy,
          minmay_the_grid_triangle_9x9_checkered,
          minmay_the_grid_triangle_9x9_zippers_vertical,
          minmay_the_grid_triangle_9x9_alien], layout_basic,
          grunt_qazlal_sundering, special_room [special_room_bee],
          dreamdust_wishing_well
D:10:     layout_cave_pools, grunt_lair_entry_orc_guard_hut, david_orc_5,
          serial_column_ruins, column_ruins_hut_ruined,
          column_ruins_corridor_straight, column_ruins_corridor_plus,
          column_ruins_open_tiny, column_ruins_grid_3, glass_columns_a,
          nicolae_straight_to_the_point, uniq_nergalle
D:11:     layout_loops_cross
D:12:     layout_long_grid
Temple:   nicolae_temple_ecumenical_triangle
Lair:1:   layout_chaotic_city, st_stairs_10, beast_lair_carwin_7,
          serial_bayou_shore_b
Lair:2:   beast_lair_carwin_large_3, layout_misc_corridors,
          gammafunk_ghost_grave, patterned_corridor
Lair:3:   layout_chaotic_city, minmay_swamp_entry_eels,
          minmay_snake_entry_guardpost_small, nzn_masters_of_martial_movement,
          serial_bayou_shore_a, lemuel_fruit_fields
Swamp:1:  cheibrodos_swamp_monstrosity, layout_basic_swamp,
          evilmike_swamp_ruin_house_3, swamp_pool4, uniq_mlioglotl
Snake:1:  layout_onion, portal_ice_cave_entry_ice_statue_one, st_stairs_8,
          uniq_aizul

Skill      XL: |  1  2  3  4  5  6  7  8  9 10 11 12 13 |
---------------+----------------------------------------+-----
Stealth        | 2 3 4 5 6 8 10 11 13 14 | 14.9
Dodging        | 3 4 5 6 7 8 10 11 12 | 12.9
Fighting       | 2 3 4 5 6 7 8 |  8.3
Ranged Weapons | 5 6 7 8 10 11 12 13 14 | 14.2
Evocations     | 4 6 7 |  7.7
Invocations    | 3 5 |  5.8

Action                   |  1- 3 |  4- 6 |  7- 9 | 10-12 | 13-15 || total
-------------------------+-------+-------+-------+-------+-------++-------
 Fire: Shortbow          |    81 |   177 |   496 |   903 |       ||  1657
       Sling             |       |       |       |   208 |   191 ||   399
Invok: Wall of Briars    |       |       |     1 |     2 |       ||     3
Evoke: Wand              |       |       |       |       |     1 ||     1
  Use: Scroll            |       |       |       |       |     9 ||     9
       Potion            |       |       |       |       |     1 ||     1
Armor: Robe              |       |       |     5 |    19 |     2 ||    26
Dodge: Dodged            |    23 |    72 |   216 |   519 |   135 ||   965

Table legend: (Time is in decaauts)
 A = Elapsed time spent in this place.
 B = Non-inter-level travel time spent in this place.
 C = Inter-level travel time spent in this place.
 D = Time resting spent in this place.
 E = Time spent auto-exploring this place.
 F = Levels seen in this place.
 G = Mean time per level.
                   A        B        C        D        E       F      G
               +--------+--------+--------+--------+--------+-----+--------+
         Total |  12162 |  11484 |    678 |    557 |   7738 |  18 |  675.7 |
       Dungeon |  10327 |   9700 |    627 |    518 |   6481 |  12 |  860.6 |
        Temple |     30 |     28 |      2 |      0 |     21 |   1 |   30.0 |
          Lair |   1412 |   1364 |     48 |     11 |   1046 |   3 |  470.7 |
         Swamp |    390 |    390 |      0 |     28 |    190 |   1 |  390.0 |
     Snake Pit |      1 |      1 |      0 |      0 |      0 |   1 |    1.0 |
               +--------+--------+--------+--------+--------+-----+--------+

Top non-repeatable levels by time:
     D:4: 1716 daAuts
     D:9: 1537 daAuts
     D:5: 1038 daAuts
    D:10: 979 daAuts
     D:8: 899 daAuts
     D:3: 831 daAuts
     D:6: 734 daAuts
     D:2: 710 daAuts
    D:11: 703 daAuts
     D:7: 541 daAuts
  Lair:3: 514 daAuts
  Lair:2: 482 daAuts
     D:1: 460 daAuts
  Lair:1: 416 daAuts
 Swamp:1: 390 daAuts
